 Dungeon Crawl Stone Soup version 0.29-a0-82-g837932c90e (webtiles) character file.

Game seed: 11417944286588028661

3590 lordive the Covert (level 9, -1/45 HPs)
             Began as a Spriggan Enchanter on Feb 5, 2022.
             Was an Initiate of Gozag.
             Killed from afar by a steam dragon (21 damage)
             ... with a ball of steam
             ... on level 8 of the Dungeon.
             The game lasted 00:25:52 (12434 turns).

lordive the Covert (Spriggan Enchanter)            Turns: 12434, Time: 00:25:54

Health: -1/45      AC:  5    Str:  4    XL:     9   Next: 85%
Magic:  24/28      EV: 20    Int: 20    God:    Gozag
Gold:   695        SH:  0    Dex: 16    Spells: 8/20 levels left

rFire   . . .      SeeInvis +   a - +1 dagger
rCold   . . .      Faith    .   (no shield)
rNeg    . . .      Spirit   .   R - +2 robe
rPois   .          Reflect  .   (helmet restricted)
rElec   .          Harm     .   g - +0 cloak
rCorr   .          Rampage  .   (gloves unavailable)
Will    +....                   (boots unavailable)
Stlth   +++++.....              (no amulet)
HPRegen 0.15/turn               s - ring of magical power
MPRegen 0.21/turn               (no ring)

@: gold aura, very quick
A: very small, no large weapons, unfitting armour, see invisible, speed 3
a: Renounce Religion, Potion Petition, Call Merchant, Bribe Branch


You were on level 8 of the Dungeon.
You worshipped Gozag.
Gozag was pleased with you.
You visited 2 branches of the dungeon, and saw 9 of its levels.
You also visited: Ossuary.

You collected 781 gold pieces.
You paid 86 gold pieces to Gozag.

Inventory:

Hand Weapons
 a - a +1 dagger (weapon)
 p - a +0 short sword of distortion
 Q - the +3 Elemental Staff {rElec rF++ rC++ AC+5}
   (You took it off a deep elf pyromancer on level 8 of the Dungeon)

   If the wielder is skilled in Evocations, they can discharge powerful blasts
   of elemental energy when striking with it.
   It enhances your fire, ice, earth and air magic.
   AC:        It affects your AC (+5).
   rF:        It greatly protects you from fire.
   rC:        It greatly protects you from cold.
   rElec:     It insulates you from electricity.
Missiles
 t - 17 poisoned darts
Armour
 g - a +0 cloak (worn)
 R - a +2 robe (worn)
Magical Staves
 e - a staff of fire
Jewellery
 b - a +6 ring of intelligence
 s - a ring of magical power (left hand)
 K - a ring of protection from cold
Wands
 i - a wand of charming (9)
 u - a wand of flame (43)
 v - a wand of iceblast (8)
 M - a wand of polymorph (3)
 N - a wand of paralysis (4)
Scrolls
 d - 2 scrolls of torment
 f - 2 scrolls of identify
 h - 4 scrolls of teleportation {unknown}
 j - 3 scrolls of fog {unknown}
 k - 5 scrolls of immolation
 o - 2 scrolls of enchant weapon {unknown}
 x - 2 scrolls of vulnerability {unknown}
 y - 3 scrolls of enchant armour {unknown}
 C - 2 scrolls of fear {unknown}
 I - a scroll of brand weapon {unknown}
 L - a scroll of amnesia {unknown}
 O - 2 scrolls of summoning
 P - a scroll of silence {unknown}
Potions
 c - a potion of invisibility
 l - 4 potions of degeneration
 q - 5 potions of haste
 r - a potion of flight
 w - a potion of experience
 z - 5 potions of curing
 A - a potion of berserk rage
 B - a potion of attraction
 D - a potion of brilliance
 E - a potion of mutation
 F - 3 potions of resistance
 H - 2 potions of lignification
 J - 2 potions of magic


   Skills:
 * Level 3.9 Fighting
 * Level 5.5 Short Blades
 * Level 3.7 Armour
 * Level 6.7 Dodging
 + Level 10.6 Stealth
 + Level 6.3 Spellcasting
 * Level 8.3 Hexes


You had 8 spell levels left.
You knew the following spells:

 Your Spells              Type           Power      Damage    Failure   Level
a - Ensorcelled Hibernat  Hex/Ice        46%        N/A       2%          2
b - Confusing Touch       Hex            39%        N/A       1%          3
c - Tukima's Dance        Hex            39%        N/A       1%          3
d - Cause Fear            Hex            19%        N/A       3%          4

Your spell library contained the following spells:

 Spells                   Type           Power      Damage    Failure   Level
 Dazzling Flash           Conj/Hex       46%        N/A       5%          3
 Inner Flame              Hex/Fire       23%        N/A       5%          3
 Portal Projectile        Hex/Tloc       46%        N/A       5%          3
 Sting                    Tmut/Pois      24%        1d4       11%         1
 Poisonous Vapours        Pois/Air       12%        N/A       16%         2
 Leda's Liquefaction      Hex/Erth       11%        N/A       19%         4
 Call Canine Familiar     Summ           6%         N/A       30%         3
 Conjure Flame            Conj/Fire      6%         6-21      30%         3
 Ignite Poison            Fire/Tmut/Pois 6%         N/A       30%         3
 Olgreb's Toxic Radiance  Pois           6%         N/A       71%         4
 Sticky Flame             Conj/Fire      6%         2d3       71%         4
 Discord                  Hex            19%        N/A       100%        8


Dungeon Overview and Level Annotations

Branches:
Dungeon (8/15)             Temple (1/1) D:5            Lair (0/6) D:8
Ossuary (visited)

Altars:
Ashenzari
Dithmenos
Elyvilon
Fedhas
Gozag
Kikubaaqudgha
Makhleb
Nemelex Xobeh
Okawaru
Qazlal
Ru
Sif Muna
Trog
Uskayaw
Vehumet
Xom
Yredelemnul
Zin
The Shining One

Shops:
D:2 **   D:5 [


Innate Abilities, Weirdness & Mutations

You are very small and have problems with some larger weapons.
You are too small for most types of armour.
You have supernaturally acute eyesight. (SInv)
You cover ground extremely quickly. (Speed+++)


Message History

The steam dragon breathes steam at you.
The ball of steam hits the wight.
The wight resists.
The ball of steam misses you.
You are engulfed in a cloud of scalding steam.
Casting: Tukima's Dance (safe; 1% risk of failure)
Confirm with . or Enter, or press ? or * to list all spells.
Aiming: Tukima's Dance (safe; 1% risk of failure)
Press: ? - help, Shift-Dir - straight line, f/p - wight
Aim: a wight, wielding a +5 trident and wearing a +2 robe of resistance (lightly damaged, chance to affect: 66%)
The +5 trident dances into the air!
You are engulfed in a cloud of scalding steam.
The wight hits your +5 trident.
The wight hits your +5 trident but does no damage.
The wight hits your +5 trident.
Your +5 trident turns to gold and falls from the air.
The steam dragon breathes steam at you.
The ball of steam hits the wight.
The wight resists.
The ball of steam hits you!!
A wight is nearby!
Casting: Tukima's Dance (safe; 1% risk of failure)
Confirm with . or Enter, or press ? or * to list all spells.
Your hands begin to glow red.
You are too injured to fight recklessly!
You are too injured to fight recklessly!
You are too injured to fight recklessly!
You barely miss the wight.
The wight is heavily damaged.
You hear an angry hiss.
The wight barely misses you.
You completely miss the wight.
The wight is heavily damaged.
The wight hits you but does no damage.
You hit the wight but do no damage.
The wight appears confused.
The wight is heavily damaged.
The steam dragon breathes steam at you.
The ball of steam hits the wight!
The wight resists.
The wight is destroyed!
The ball of steam hits you!!
You die...
Your body crumbles into a pile of gold.

####...##.........>.#...##.....
# ##...##......................
#....#.#.......................
..####........................
.## ##...............<.......
## ..................##### #
#######.##.......##
#......###..# ###@.### ##.#
########§.### #.#
##.z.....D...###.#
##..#########.....# ##..##
#####.## #.z## #..# #.## #..#
#### #D# #### ...####§#


You could see a steam dragon (catching breath).

Vanquished Creatures
  A deep elf pyromancer (D:8)
  A gargoyle (D:8)
  A shadow (D:6)
  A hornet zombie (D:7)
  An orc warrior (D:8)
  2 sky beasts
  2 necrophages
  2 ogres
  A phantom (D:4)
  A kobold brigand (D:3)
  2 elf zombies (Ossuary)
  A wyvern zombie (D:7)
  4 scorpions
  A troll zombie (Ossuary)
  6 killer bees (D:8)
  The ghost of GaryGuesser the Grasshopper, a weakling PaWr of Cheibriados (D:3)
  A howler monkey (D:5)
  5 centaur zombies
  A centaur skeleton (D:4)
  4 hounds
  2 jellies (D:5)
  2 orc priests (D:8)
  An iguana (D:3)
  6 orc wizards
  4 hound skeletons (D:4)
  7 mummies (Ossuary)
  Robin (D:2)
  A howler monkey skeleton (D:4)
  9 adders
  A shadow imp (D:5)
  3 ufetubi
  5 adder zombies (Ossuary)
  An adder skeleton (D:4)
  3 worms
  3 dart slugs
  19 orcs
  5 ball pythons
  5 bats
  11 endoplasms
  4 giant cockroaches
  15 goblins
  10 hobgoblins
  7 jackals
  4 quokkas
  4 frilled lizards
  3 goblin zombies (Ossuary)
  6 hobgoblin zombies (Ossuary)
  16 kobolds
  2 kobold zombies (Ossuary)
  An orc zombie (Ossuary)
  A quokka zombie (Ossuary)
  10 rats
  5 rat zombies (Ossuary)
216 creatures vanquished.

Vanquished Creatures (others)
  A dancing weapon (D:8)
  A wight (D:8)
  2 goblins (D:2)
  A fungus (D:3)
  3 plants (D:3)
8 creatures vanquished.

Grand Total: 224 creatures vanquished

Notes
Turn   | Place    | Note
-------+----------+-------------------------------------------
     0 | D:1      | lordive the Spriggan Enchanter began the quest for the Orb.
     0 | D:1      | Reached XP level 1. HP: 9/9 MP: 5/5
   470 | D:1      | Reached XP level 2. HP: 9/13 MP: 6/6
   480 | D:1      | Learned a level 2 spell: Ensorcelled Hibernation
  1431 | D:1      | Reached XP level 3. HP: 16/16 MP: 8/8
  1839 | D:1      | Learned a level 3 spell: Confusing Touch
  1845 | D:2      | Learned a level 3 spell: Tukima's Dance
  2055 | D:2      | Found Dutetuff's General Store.
  2072 | D:2      | Noticed Robin
  2845 | D:2      | Found a faded altar of an unknown god.
  2922 | D:2      | Reached skill level 5 in Stealth
  2922 | D:2      | Reached XP level 4. HP: 21/21 MP: 0/9
  3130 | D:2      | Found Osagh's General Store.
  3240 | D:2      | Killed Robin
  3241 | D:2      | Reached skill level 1 in Armour
  3773 | D:2      | Reached XP level 5. HP: 25/25 MP: 11/11
  3859 | D:3      | Reached skill level 1 in Fighting
  4211 | D:3      | Found a runed translucent gate.
  4212 | D:3      | Found a runed translucent gate.
  4213 | D:3      | Found a runed translucent gate.
  4213 | D:3      | Noticed GaryGuesser's ghost (weakling PaWr)
  4546 | D:3      | HP: 1/25 [poisoned by GaryGuesser's ghost]
  4553 | D:3      | Killed GaryGuesser's ghost
  5006 | D:3      | Reached skill level 6 in Stealth
  5006 | D:3      | Reached skill level 5 in Hexes
  5006 | D:3      | Reached XP level 6. HP: 30/30 MP: 7/12
  5328 | D:4      | Reached XP level 7. HP: 23/33 MP: 11/14
  6160 | D:4      | Found a shadowy altar of Dithmenos.
  6497 | D:5      | Entered Level 5 of the Dungeon
  6513 | D:5      | Found a staircase to the Ecumenical Temple.
  6524 | Temple   | Entered the Ecumenical Temple
  6737 | D:5      | Reached skill level 7 in Stealth
  7006 | D:5      | Found a sand-covered staircase.
  7011 | Ossuary  | Entered an ossuary
  7537 | Ossuary  | Reached XP level 8. HP: 39/39 MP: 16/16
  7990 | Ossuary  | Reached skill level 5 in Dodging
  8114 | Ossuary  | Reached skill level 8 in Stealth
  8953 | Temple   | Became a worshipper of Gozag Ym Sagoz the Greedy
  9325 | D:5      | Found Astrywuc's Antique Armour Shoppe.
  9336 | D:5      | Found a blossoming altar of Fedhas.
  9393 | D:5      | Reached skill level 5 in Spellcasting
  9780 | D:6      | Reached skill level 9 in Stealth
 10054 | D:6      | Reached XP level 9. HP: 33/44 MP: 18/18
 10313 | D:6      | Found an ancient bone altar of Kikubaaqudgha.
 11057 | D:7      | Noticed a +0 short sword
 11058 | D:7      | Noticed a +0 spear
 11058 | D:7      | Noticed a +0 short sword
 11058 | D:7      | Noticed a +0 spear
 11059 | D:7      | Noticed a +0 dagger
 11060 | D:7      | Noticed a +0 falchion
 11060 | D:7      | Noticed a +0 dagger
 11060 | D:7      | Noticed a +0 falchion
 11062 | D:7      | Found a hide-covered altar of Uskayaw.
 11388 | D:8      | Noticed a gargoyle
 11396 | D:8      | Killed a gargoyle
 11397 | D:8      | Reached skill level 5 in Short Blades
 11481 | D:8      | Noticed a deep elf pyromancer
 11484 | D:8      | Killed a deep elf pyromancer
 11485 | D:8      | Reached skill level 10 in Stealth
 11570 | D:8      | Found a staircase to the Lair.
 11600 | D:8      | HP: 2/45 [poisoned by a killer bee]
 11626 | D:7      | HP: 2/45 [poisoned by a killer bee]
 11915 | D:7      | Learned a level 4 spell: Cause Fear
 12054 | D:8      | Noticed a white ugly thing
 12434 | D:8      | Killed from afar by a steam dragon

Illustrated notes

Levels and vault maps discovered:
D:1:      dpeg_arrival_round_a, layout_basic
D:2:      layout_basic, hellmonk_ecumenical_altar_blasted, serial_shops, shop,
          shop, minmay_cut_off, uniq_robin
D:3:      layout_rooms, gammafunk_ghost_nasty_kobolds
D:4:      layout_rooms, nicolae_dithmenos_shadow_blocks
D:5:      layout_basic, nicolae_overflow_hidden_temple,
          minmay_temple_entry_sparse_star,
          nicolae_ossuary_entry_false_entrances, kennysheep_windowed_goal
D:6:      layout_loops_cross, mainiacjoe_overflow_alcove_2, lemuel_flame_loot_1
D:7:      layout_gridville, nicolae_uskayaw_en_pointe
D:8:      layout_rooms, lair_entry_dummy, dilly_guarded_unrand_elemental_staff
Temple:   regret_index_temple_waves

Skill      XL: |  1  2  3  4  5  6  7  8  9 |
---------------+----------------------------+-----
Hexes          | 4 5 6 7 8 |  8.3
Dodging        | 3 4 5 6 |  6.7
Spellcasting   | 3 4 5 6 |  6.3
Stealth        | 5 6 7 9 10 | 10.6
Armour         | 1 2 3 |  3.7
Fighting       | 1 2 3 |  3.9
Short Blades   | 2 3 4 5 |  5.5

Action                   |  1- 3 |  4- 6 |  7- 9 || total
-------------------------+-------+-------+-------++-------
Melee: Dagger            |   121 |   131 |   401 ||   653
       Punch             |     1 |     1 |     4 ||     6
 Cast: Ensorcelled Hiber |    44 |    41 |    83 ||   168
       Confusing Touch   |       |     7 |    33 ||    40
       Tukima's Dance    |       |       |     2 ||     2
  Use: Potion            |       |     4 |     3 ||     7
       Scroll            |       |       |    11 ||    11
 Stab: Sleeping          |    33 |    36 |    69 ||   138
       Invisible         |       |     5 |       ||     5
       Confused          |       |     7 |    38 ||    45
       Distracted        |       |       |     2 ||     2
Armor: Robe              |    12 |     9 |    35 ||    56
Dodge: Dodged            |   120 |    99 |   361 ||   580

Table legend: (Time is in decaauts)
 A = Elapsed time spent in this place.
 B = Non-inter-level travel time spent in this place.
 C = Inter-level travel time spent in this place.
 D = Time resting spent in this place.
 E = Time spent auto-exploring this place.
 F = Levels seen in this place.
 G = Mean time per level.
                   A        B        C        D        E       F      G
               +--------+--------+--------+--------+--------+-----+--------+
         Total |  10230 |   9901 |    329 |   2450 |   5547 |  10 | 1023.0 |
       Dungeon |   8490 |   8248 |    242 |   1671 |   5077 |   8 | 1061.2 |
        Temple |    134 |     48 |     86 |      0 |     36 |   1 |  134.0 |
       Ossuary |   1605 |   1605 |      0 |    779 |    433 |   1 | 1605.0 |
               +--------+--------+--------+--------+--------+-----+--------+

Top non-repeatable levels by time:
     D:1: 2005 daAuts
 Ossuary: 1605 daAuts
     D:2: 1431 daAuts
     D:3: 1342 daAuts
     D:7: 777 daAuts
     D:5: 773 daAuts
     D:4: 766 daAuts
     D:6: 758 daAuts
     D:8: 635 daAuts
  Temple: 134 daAuts
